AoeStats
← Doak

Hill Fort

506534033Analyzed
4v4 RM · 19d ago on Sep 13, 2026· 24m 54s· 8 players
Game mode
Random Map
Map size
Large (8 player)
Population
200
Speed
Normal
Resources
Standard
Victory
Conquest
Starting age
Dark Age
Ending age
Imperial Age
RankedLock teamsTeams togetherTeam positionsShared explorationLock speedFull tech treeHidden civsTurbo modeCheats
Victory
Defeat
🇺🇸 Malay · United States
1548
+10
🇺🇸 Spanish · United States
1516
+11
🇺🇸 Mongols · United States
1438
+14
🇬🇧 Persians · United Kingdom
1411
+15
🇦🇷 Khmer · Argentina
1462
-16
🇮🇹 Malay · Italy
1381
-12
🇦🇷 Cumans · Argentina
1370
-11
🇺🇸 Sicilians · United States
1355
-11
PaRappa56
5:40 Loom
8:34 Feudal Age
13:15 Fletching
25:36 Castle Age
24:08 Gold Mining
JessePinkman
9:00 Feudal Age
9:30 Loom
10:05 Double-Bit Axe
10:13 Horse Collar
16:42 Wheelbarrow
20:44 Castle Age
19:13 Stone Mining
19:14 Gold Mining
19:44 Fletching
21:45 Bow Saw
21:31 Bodkin Arrow
21:58 Bloodlines
24:32 Padded Archer Armor
24:35 Heavy Plow
ITA | Carma III
9:20 Feudal Age
9:03 Double-Bit Axe
11:29 Loom
15:15 Fishing Lines
22:00 Castle Age
21:58 Bow Saw
21:40 Gold Mining
22:58 Fletching
WalterWhite
10:03 Feudal Age
14:11 Castle Age
12:50 Double-Bit Axe
15:19 Bow Saw
15:10 Horse Collar
16:15 Heavy Plow
16:43 Bloodlines
17:28 Gold Mining
19:48 Husbandry
21:38 Scale Barding Armor
25:16 Chain Barding Armor
el_Feist
9:36 Feudal Age
14:08 Castle Age
12:35 Double-Bit Axe
12:38 Horse Collar
13:29 Loom
16:07 Bow Saw
16:43 Fletching
21:26 Bodkin Arrow
22:38 Padded Archer Armor
25:49 Leather Archer Armor
Almost600
10:08 Loom
10:14 Loom
12:01 Feudal Age
16:47 Fletching
25:29 Castle Age
25:10 Bodkin Arrow
Thundernips, The Ultimate Gigolo
10:52 Feudal Age
12:11 Loom
14:42 Castle Age
12:48 Double-Bit Axe
13:36 Horse Collar
15:52 Wheelbarrow
17:03 Wheelbarrow
16:43 Bow Saw
16:34 Heavy Plow
18:21 Wheelbarrow
23:49 Husbandry
23:58 Padded Archer Armor
Doak
10:53 Feudal Age
12:48 Double-Bit Axe
12:52 Horse Collar
13:35 Double-Bit Axe
18:20 Castle Age
16:06 Loom
16:24 Gold Mining
17:13 Scale Barding Armor
17:32 Bloodlines
18:31 Forging
19:01 Bow Saw
22:49 Husbandry
24:52 Chain Barding Armor
Connection lost

Rejoining the realm…

Still unreachable

The connection could not be restored.

Session expired

The server has moved on; the page needs a fresh start.